details: 'Kmac losing streak 2'

« prev index next »

General information

Mini Map

Players

team 1
Random» NightElfThe.Dude (purple | 55 APM | 24 actions | 00:26)

» actions
Build / train2
Enter build submenu1
Right click9
Select / deselect11
Use ability1
24 total
» units
Wisp2
2 total
» buildings
Ancient of War1
1 total
» build order
00:19 Ancient of War
HumaniMasswisps (red | 32 APM | 38 actions | 01:11)

» actions
Build / train4
Enter build submenu4
Right click8
Select / deselect17
Use ability5
38 total
» units
Peasant3
Wisp1
4 total
» buildings
Altar of Kings1
Farm1
Ancient of War1
Moon Well1
4 total
» build order
00:09 Altar of Kings
00:24 Farm
00:35 Ancient of War
00:41 Moon Well
Random» HumanKmac (yellow | 42 APM | 45 actions | 01:04)

» actions
Build / train4
Enter build submenu6
Right click20
Select / deselect11
Use ability4
45 total
» units
Peasant3
Wisp1
4 total
» buildings
Altar of Kings2
Farm1
Moon Well1
4 total
» build order
00:06 Altar of Kings
00:10 Altar of Kings
00:20 Farm
00:42 Moon Well
Random» Humankjj316 (green | 35 APM | 23 actions | 00:39)

» actions
Build / train2
Enter build submenu2
Right click11
Select / deselect6
Use ability2
23 total
» units
Peasant2
2 total
» buildings
Farm1
Altar of Kings1
2 total
» build order
00:18 Farm
00:24 Altar of Kings
team 2
Orcfran6666 (blue | 30 APM | 36 actions | 01:12)

» actions
Build / train6
Enter build submenu4
Remove unit from queue1
Right click9
Select / deselect12
Use ability4
36 total
» units
Peon5
5 total
» buildings
Orc Burrow1
Altar of Storms1
Barracks1
War Mill1
4 total
» build order
00:23 Orc Burrow
00:42 Altar of Storms
00:50 Barracks
01:07 War Mill
HumanWhy-Me (pink | 21 APM | 25 actions | 01:12)

» actions
Basic commands3
Build / train4
Enter build submenu3
Right click3
Select / deselect9
Use ability3
25 total
» units
Peasant4
4 total
» buildings
Altar of Kings1
Farm1
Blacksmith1
3 total
» build order
00:15 Altar of Kings
00:25 Farm
00:56 Blacksmith
HumanIH8Everyone (orange | 28 APM | 34 actions | 01:12)

» actions
Build / train8
Enter build submenu3
Right click9
Select / deselect12
Use ability2
34 total
» units
Peasant7
7 total
» buildings
Altar of Kings1
Farm1
2 total
» build order
00:02 Altar of Kings
00:29 Farm
Orcancestry.com (teal | 34 APM | 41 actions | 01:12)

» actions
Build / train4
Enter build submenu4
Right click14
Select / deselect16
Use ability3
41 total
» units
Peon4
4 total
» buildings
Altar of Storms1
Orc Burrow1
Barracks1
3 total
» build order
00:11 Altar of Storms
00:16 Orc Burrow
00:45 Barracks

Chat log

(00:05 / Allies) fran6666: hi
(00:09 / Allies) IH8Everyone: sup
(00:18 / Allies) fran6666: plan?
(00:29 / All) ancestry.com: why is wc3 always broken
(00:31 / Allies) fran6666: russ
(00:33 / Allies) fran6666: rush
(00:38 / Allies) Why-Me: yah
(00:45 / Allies) Why-Me: rifles/tanks here
(00:54 / Allies) IH8Everyone: yeah rifles and tanks are a great rush option
(00:55 / Allies) IH8Everyone: brilliant move
(00:58 / Allies) fran6666: wind rider
(01:06 / All) iMasswisps: Well gg
(01:09 / Allies) Why-Me: that's not rush unit moron
(01:09 / Allies) ancestry.com: im rushing with grunts